 Dungeon Crawl Stone Soup version 0.29-a0-982-gaed3a0c8d8 (webtiles) character file.

Game seed: 7015325657642052861

10 flotson the Sneak (level 2, -18/24 HPs)
             Began as a Demonspawn Delver on Aug 1, 2022.
             Demolished by an ogre
             ... wielding a +0 giant spiked club
              (25 damage)
             ... on level 4 of the Dungeon.
             The game lasted 00:02:04 (867 turns).

flotson the Sneak (Demonspawn Delver)                Turns: 867, Time: 00:02:04

Health: -18/24     AC:  3    Str: 12    XL:     2   Next: 10%
Magic:  2/2        EV: 12    Int: 11    God:
Gold:   27         SH:  0    Dex: 14    Spells: 1/1 levels left

rFire   . . .      SeeInvis .   a - +0 trident
rCold   . . .      Faith    .   (no shield)
rNeg    . . .      Spirit   .   b - +0 leather armour
rPois   .          Reflect  .   (no helmet)
rElec   .          Harm     .   (no cloak)
rCorr   .          Rampage  .   (no gloves)
Will    .....                   (no boots)
Stlth   ++........              (no amulet)
HPRegen 0.08/turn               (no ring)
MPRegen 0.08/turn               (no ring)

@: no status effects
A: hooves 1
a: no special abilities


You were on level 4 of the Dungeon.
You visited 1 branch of the dungeon, and saw 2 of its levels.

You collected 27 gold pieces.

Inventory:

Hand Weapons
 a - a +0 trident (weapon)
Armour
 b - a +0 leather armour (worn)
Wands
 g - a wand of digging (3)
Scrolls
 c - a scroll of fog
 d - a scroll of magic mapping
Potions
 e - a potion of attraction {unknown}
 h - a potion of flight {unknown}


   Skills:
 + Level 3.1 Fighting
 - Level 1.7 Polearms
 + Level 0.5 Armour
 + Level 2.0 Dodging
 - Level 4.5 Stealth
 + Level 0.6 Evocations


You had one spell level left.
You didn't know any spells.
Your spell library was empty.

Dungeon Overview and Level Annotations

Branches:
Dungeon (5/15)
 Temple: D:4-7

Altars:


Innate Abilities, Weirdness & Mutations

You have large cloven feet.


Message History

Your demonic ancestry asserts itself...
Your feet thicken and deform.
Things that are here:
a +0 trident; an orc corpse You reach to attack!
You hit the hobgoblin.
You kill the hobgoblin!
No target in view!
Okay, then.
Unknown command.
f - a +0 trident (weapon)
Adjust to which letter? (? for menu, Esc to quit)
a - a +0 trident (weapon);
f - a +0 spear You drop a +0 spear.
The ogre shouts!
There is a stone staircase leading down here.
You climb downwards.
There is a stone staircase leading up here.
You open the door.
Found 5 stones.
There is an open door here.
You open the door.
A white imp, an iguana, a hound, an orc and a necrophage come into view.
The white imp shouts!
You hear a shout! x2
Okay, then.
The white imp gestures at you. The puff of frost hits you!
There is an open door here.
The white imp gestures at you. The puff of frost hits you.
The hound attacks as you move away! The hound misses you.
The hound barely misses you.
There is a stone staircase leading up here.
The hound bites you.
You climb upwards.
The ogre barely misses you.
There is a stone staircase leading down here.
The hound attacks as you move away! The hound bites you.
* * * LOW HITPOINT WARNING * * *
The ogre hits you with a +0 giant spiked club!!
Ouch! That really hurt!
You die...

## #...#####
!..O....# #...###.#
# ####.#### #
#.......#
#.#.......#
#.#......O######
#........h@....#
###.......####.#
#....).)# #.#
..####.......# #.#
..........#######.#
.####............#
#...##########
##.## #.#


You could see an ogre and a hound.

Vanquished Creatures
  4 orcs
  A goblin (D:4)
  A hobgoblin (D:4)
6 creatures vanquished.

Notes
Turn   | Place    | Note
-------+----------+-------------------------------------------
     0 | D:5      | flotson the Demonspawn Delver began the quest for the Orb.
     0 | D:5      | Reached XP level 1. HP: 18/18 MP: 1/1
    11 | D:5      | Noticed a howler monkey
    25 | D:5      | Noticed an iguana
   126 | D:4      | Noticed an ogre
   820 | D:4      | Gained mutation: You have large cloven feet. [demonic
                  | ancestry]
   820 | D:4      | Reached XP level 2. HP: 24/24 MP: 2/2
   853 | D:5      | Noticed a necrophage
   867 | D:4      | Demolished by an ogre

Illustrated notes

Levels and vault maps discovered:
D:4:      layout_loops_ring, grunt_temple_overflow_holy_war,
          chequers_temple_overflow_statue_of_worship,
          minmay_temple_entry_poolview, gammafunk_ghost_split
D:5:      minmay_chambers_of_threes, layout_rooms, nicolae_gozag_seed_capital,
          solitary_fountain

Skill      XL: |  1 |
---------------+----+-----
Dodging        | 2 |  2.0
Fighting       | |  3.1
Polearms       | |  1.7
Armour         | |  0.5
Stealth        | |  4.5
Evocations     | |  0.6

Action                   || total
-------------------------++-------
Melee: Spear             ||    29
  Use: Scroll            ||     1
       Potion            ||     1
Armor: Leather armour    ||     9
Dodge: Dodged            ||    15

Table legend: (Time is in decaauts)
 A = Elapsed time spent in this place.
 B = Non-inter-level travel time spent in this place.
 C = Inter-level travel time spent in this place.
 D = Time resting spent in this place.
 E = Time spent auto-exploring this place.
 F = Levels seen in this place.
 G = Mean time per level.
                   A        B        C        D        E       F      G
               +--------+--------+--------+--------+--------+-----+--------+
         Total |    855 |    855 |      0 |    530 |    107 |   2 |  427.5 |
       Dungeon |    855 |    855 |      0 |    530 |    107 |   2 |  427.5 |
               +--------+--------+--------+--------+--------+-----+--------+

Top non-repeatable levels by time:
     D:5: 646 daAuts
     D:4: 209 daAuts
